 Dungeon Crawl Stone Soup version 0.31-a0-188-g5e087ee2ca (webtiles) character file.

Game seed: 8850752488605778860

10938 qw the Markself (level 11, -9/68 HPs)
             Began as a Deep Elf Hunter on June 22, 2023.
             Was a Believer of Okawaru.
             Mangled by a death yak (18 damage)
             ... on level 2 of the Lair of Beasts.
             The game lasted 00:04:22 (9820 turns).

qw the Markself (Deep Elf Hunter)                   Turns: 9820, Time: 00:04:23

Health: -9/68      AC: 13    Str: 12    XL:     11   Next: 42%
Magic:  15/16      EV: 24    Int: 15    God:    Okawaru [**....]
Gold:   521        SH:  0    Dex: 18    Spells: 10/10 levels left

rFire   + . .        Y - +1 orcbow
rCold   . . .        (shield currently unavailable)
rNeg    + . .        d - +3 ring mail of Starshine {rElec rPois rN+ Will+}
rPois   +            l - +1 helmet
rElec   +            g - +0 cloak
rCorr   .            (no gloves)
SInv    .            (no boots)
Will    ++...        (no amulet)
Stlth   +++          j - +5 ring of evasion
HPRegen 0.31/turn    h - ring of protection from fire
MPRegen 0.15/turn

%: no passive effects
@: about to teleport, heroic
A: no striking features
a: Renounce Religion, Heroism


You were on level 2 of the Lair of Beasts.
You worshipped Okawaru.
Okawaru was pleased with you.
You visited 3 branches of the dungeon, and saw 11 of its levels.
You also visited: Sewer.

You collected 521 gold pieces.


   Skills:
 - Level 8.0(13.0) Fighting
 - Level 16.0(21.0) Ranged Weapons
 - Level 3.0(8.0) Armour
 + Level 10.6(15.6) Dodging
 - Level 1.2(6.2) Stealth
 - Level 4.0 Invocations


You had 10 spell levels left.
You didn't know any spells.
Your spell library was empty.

Inventory:

Hand Weapons
 i - a +0 antimagic arbalest
 Y - a +1 orcbow (weapon)
Armour
 d - the +3 ring mail of Starshine (worn) {rElec rPois rN+ Will+}
   (You found it on level 3 of the Dungeon)

   rElec:     It insulates you from electricity.
   rPois:     It protects you from poison.
   rN:        It protects you from negative energy.
   Will:      It increases your willpower.
 g - a +0 cloak (worn)
 l - a +1 helmet (worn)
 o - a +4 scale mail
Jewellery
 h - a ring of protection from fire (right hand)
 j - a +5 ring of evasion (left hand)
 m - a ring of protection from cold
 n - a ring of resist corrosion
Scrolls
 a - 3 scrolls of identify
 f - 2 scrolls of teleportation
 r - a scroll of fear {unknown}
Potions
 b - 4 potions of enlightenment
 c - 7 potions of curing
 e - 6 potions of might
 k - a potion of cancellation
 p - 4 potions of attraction {unknown}
 q - a potion of berserk rage {unknown}

Dungeon Overview and Level Annotations

Branches:
Dungeon (8/15)             Temple (1/1) D:5            Lair (2/5) D:8
 Shoals (0/4) Lair:2        Sewer (visited)
  Snake: Lair:2-3    Spider: Lair:2-3

Altars:
Ashenzari
Cheibriados
Elyvilon
Fedhas
Gozag
Hepliaklqana
Kikubaaqudgha
Makhleb
Nemelex Xobeh
Okawaru
Qazlal
Ru
Trog
Uskayaw
Vehumet
Xom
Yredelemnul
Zin
The Shining One

Shops:
D:4 =

Annotations:
D:2 1 runed translucent door, Crazy Yiuf
D:4 3 runed translucent doors, qw's ghost, amateur GrFi


Message History

You shoot an arrow.
The arrow hits the death yak but does no damage.
The death yak is moderately wounded.
You shoot an arrow. The arrow barely misses the death yak.
The death yak misses you.
You shoot an arrow. The arrow hits the death yak!
The death yak is moderately wounded.
The death yak completely misses you.
You shoot an arrow. The arrow hits the death yak.
The death yak is heavily wounded.
You feel like a meek peon again. The death yak misses you.
9813 ||| INVOKING Heroism.
You gain the combat prowess of a mighty hero.
The death yak completely misses you.
You shoot an arrow. The arrow barely misses the death yak.
The death yak gores you.
You shoot an arrow. The arrow hits the death yak.
The death yak is heavily wounded.
The death yak gores you but does no damage.
You shoot an arrow. The arrow hits the death yak!
The death yak is heavily wounded.
You hear a howl!
A wolf comes into view.
You shoot an arrow. The arrow hits the death yak.
The death yak is heavily wounded.
The death yak misses you.
You shoot an arrow. The arrow hits the death yak.
The death yak is severely wounded.
The wolf bites you. The death yak gores you!! The wolf closely misses you.
9819 ||| READING 3 scrolls of teleportation.
As you read the scroll of teleportation, it crumbles to dust.
You feel strangely unstable. The wolf closely misses you.
The death yak gores you but does no damage.
You shoot an arrow.
The arrow hits the death yak but does no damage.
The death yak is heavily wounded.
The wolf barely misses you. The death yak gores you!!
You die...

.## ....#.....#
.# ....
####......# ##
...# #.#..P## #
... ##..### #
..# #..## ..
..####...#
#..##$.##...P##
#...hY####...#
#@##...###
#.##..##
#.##..# #....##
#.?###.# #.##
### #.. #..#
#...


You could see a death yak and a wolf.

Vanquished Creatures
  A skyshark (Lair:2)
  Pikel (D:4)
  A black mamba (Lair:2)
  A water nymph (Lair:2)
  5 cane toads
  5 komodo dragons
  5 blink frogs (Lair:1)
  3 wyverns
  A yak (Lair:2)
  2 steam dragons
  2 wargs (D:8)
  An acid dragon (D:7)
  5 water moccasins
  Duvessa (D:6)
  2 sky beasts
  An ice beast (D:6)
  4 orc warriors
  2 black bears
  2 ogres
  11 wolves
  2 centaurs (D:7)
  A lemure (D:4)
  Blork the orc (D:6)
  5 bullfrogs
  3 scorpions
  3 wights (D:7)
  Dowan (D:6)
  A howler monkey (D:6)
  3 hounds (D:4)
  3 orc priests
  3 jellies
  A gnoll bouda (D:4)
  A sleepcap (D:6)
  Jessica (D:2)
  3 iguanas
  5 orc wizards
  A sickly merfolk siren (Sewer)
  A malarious merfolk avatar (Sewer)
  8 gnolls
  17 adders
  3 river rats
  3 white imps
  3 worms
  A dart slug (D:2)
  31 orcs
  9 ball pythons
  6 bats
  5 endoplasms
  A giant cockroach (D:1)
  6 goblins
  6 hobgoblins
  15 jackals
  5 quokkas
  4 frilled lizards (Sewer)
  6 kobolds
  25 rats
249 creatures vanquished.

Notes
Turn   | Place    | Note
-------+----------+-------------------------------------------
     0 | D:1      | qw the Deep Elf Hunter began the quest for the Orb.
     0 | D:1      | Reached XP level 1. HP: 12/12 MP: 3/3
     0 | D:1      | 0 ||| qw: Version: 0.3-a-9-g12657ce
     0 | D:1      | 0 ||| qw: Game counter: 2828
     0 | D:1      | 0 ||| qw: Always use a shield: true
     0 | D:1      | 0 ||| qw: God list: Okawaru
     0 | D:1      | 0 ||| qw: Allow faded altars: false
     0 | D:1      | 0 ||| qw: Do Orc after D:15 true
     0 | D:1      | 0 ||| qw: Do second Lair branch before Depths: true
     0 | D:1      | 0 ||| qw: Lair rune preference: random
     0 | D:1      | 0 ||| qw: Plans: Normal
     0 | D:1      | 0 ||| PLANNING D:1-11
   127 | D:1      | Reached skill level 6 in Ranged Weapons
   127 | D:1      | Reached XP level 2. HP: 14/16 MP: 4/4
   153 | D:1      | 153 ||| FLEEEEING.
   523 | D:1      | 523 ||| UPGRADING to +0 cloak.
   528 | D:1      | 528 ||| READING 3 scrolls labelled NUKKOA GIASIRR.
   529 | D:1      | 529 ||| READING 2 scrolls labelled PAWEXA UNAILA.
   530 | D:1      | 530 ||| READING scroll of enchant weapon.
   530 | D:1      | 530 ||| ENCHANTING +1 shortbow.
   531 | D:1      | 531 ||| DRINKING 2 purple potions.
   532 | D:1      | 532 ||| DROPPING scroll of butterflies.
   587 | D:2      | Found a runed translucent door.
   588 | D:2      | Noticed Crazy Yiuf
   666 | D:2      | Reached XP level 3. HP: 20/20 MP: 5/5
   690 | D:2      | 690 ||| READING scroll of enchant weapon.
   690 | D:2      | 690 ||| ENCHANTING +2 shortbow.
   697 | D:2      | Noticed Jessica
   699 | D:2      | Killed Jessica
   700 | D:2      | Reached skill level 7 in Ranged Weapons
   830 | D:2      | Reached XP level 4. HP: 25/25 MP: 6/6
  1420 | D:2      | 1420 ||| UPGRADING to +0 ring mail.
  1430 | D:2      | 1430 ||| DROPPING +0 leather armour.
  1431 | D:2      | 1431 ||| UPGRADING to +0 helmet.
  1436 | D:2      | 1436 ||| UPGRADING to amulet of guardian spirit.
  1441 | D:2      | 1441 ||| READING scroll labelled HEDYID HEVEVOR.
  1442 | D:2      | 1442 ||| READING scroll labelled REJOOZX BYLEQE.
  1443 | D:2      | 1443 ||| READING scroll labelled SITISY OSCHEYN.
  1444 | D:2      | 1444 ||| READING scroll labelled KOAHA TEOSO.
  1445 | D:2      | 1445 ||| READING 4 scrolls of identify.
  1445 | D:2      | 1445 ||| IDENTIFYING orange potion
  1563 | D:3      | Found a sparkling altar of Nemelex Xobeh.
  1655 | D:3      | 1655 ||| Stepping ~*~*~tactically~*~*~ (outnumbered).
  1658 | D:3      | Reached skill level 8 in Ranged Weapons
  1778 | D:3      | Reached XP level 5. HP: 29/29 MP: 7/7
  1955 | D:3      | Identified the +3 ring mail of Starshine {rElec rPois rN+
                  | Will+}
  1969 | D:3      | Found a faded altar of an unknown god.
  2117 | D:3      | 2117 ||| UPGRADING to +3 ring mail of Starshine {rElec
                  | rPois rN+ Will+}.
  2127 | D:3      | 2127 ||| DROPPING +0 ring mail.
  2128 | D:3      | 2128 ||| READING 3 scrolls of identify.
  2128 | D:3      | 2128 ||| IDENTIFYING glowing coppery potion
  2129 | D:3      | 2129 ||| READING 2 scrolls of identify.
  2129 | D:3      | 2129 ||| IDENTIFYING puce potion
  2130 | D:3      | 2130 ||| DROPPING potion of brilliance.
  2155 | D:4      | 2155 ||| PLANNING SEWER
  2160 | D:4      | Found a glowing drain.
  2184 | Sewer    | Entered a sewer
  2186 | Sewer    | 2186 ||| Stepping ~*~*~tactically~*~*~ (water).
  2190 | Sewer    | 2190 ||| Stepping ~*~*~tactically~*~*~ (water).
  2235 | Sewer    | Reached skill level 9 in Ranged Weapons
  2397 | Sewer    | Reached XP level 6. HP: 35/35 MP: 8/8
  2411 | Sewer    | Reached skill level 1 in Armour
  2421 | Sewer    | 2421 ||| Stepping ~*~*~tactically~*~*~ (water).
  2548 | Sewer    | 2548 ||| UPGRADING to ring of protection from cold.
  2549 | Sewer    | 2549 ||| READING scroll labelled GAIJAD UTRO.
  2550 | Sewer    | 2550 ||| READING scroll labelled APNURA KOPPESO.
  2601 | D:4      | 2601 ||| PLANNING D:1-11
  2679 | D:4      | Found a large runed translucent door.
  2679 | D:4      | Found a large runed translucent door.
  2701 | D:4      | Found Gunuorchi's Jewellery Boutique.
  2739 | D:4      | Found a runed translucent door.
  2742 | D:4      | 2742 ||| SHOPLISTING +4 ring of protection (468 gold, have
                  | 180).
  2742 | D:4      | 2742 ||| SHOPLISTING +4 ring of slaying (1014 gold, have
                  | 180).
  2742 | D:4      | 2742 ||| SHOPLISTING amulet of regeneration (390 gold, have
                  | 180).
  2742 | D:4      | 2742 ||| SHOPLISTING ring of Rasiezal {Fly Dex+3 Slay+2}
                  | (509 gold, have 180).
  2742 | D:4      | 2742 ||| SHOPLISTING ring of positive energy (260 gold,
                  | have 180).
  2759 | D:4      | Reached skill level 10 in Ranged Weapons
  2779 | D:4      | Reached skill level 3 in Dodging
  2811 | D:4      | Reached XP level 7. HP: 40/40 MP: 9/9
  3265 | D:4      | Noticed qw's ghost (amateur GrFi)
  3316 | D:4      | Noticed Pikel
  3329 | D:4      | HP: 10/40 [lemure[Pikel] (6)]
  3330 | D:4      | 3330 ||| READING 3 scrolls of teleportation.
  3331 | D:4      | 3331 ||| DRINKING potion of heal wounds.
  3544 | D:4      | Killed Pikel
  3545 | D:4      | Reached skill level 12 in Ranged Weapons
  3698 | D:4      | 3698 ||| UPGRADING to ring of protection from fire.
  3699 | D:4      | 3699 ||| UPGRADING to +5 ring of evasion.
  3722 | D:5      | Entered Level 5 of the Dungeon
  3733 | D:5      | Reached XP level 8. HP: 45/45 MP: 8/10
  3766 | D:5      | Reached skill level 3 in Fighting
  4174 | D:5      | Found a staircase to the Ecumenical Temple.
  4175 | D:5      | 4175 ||| PLANNING TEMPLE
  4183 | Temple   | Entered the Ecumenical Temple
  4321 | Temple   | 4321 ||| PLANNING D:1-11
  4421 | D:6      | Reached skill level 13 in Ranged Weapons
  4496 | D:6      | 4496 ||| FLEEEEING.
  4497 | D:6      | 4497 ||| FLEEEEING.
  4533 | D:6      | 4533 ||| Stepping ~*~*~tactically~*~*~ (outnumbered).
  4535 | D:6      | 4535 ||| Stepping ~*~*~tactically~*~*~ (outnumbered).
  4536 | D:6      | 4536 ||| Stepping ~*~*~tactically~*~*~ (outnumbered).
  4569 | D:6      | 4569 ||| SWAPPING to +0 orcbow.
  4576 | D:6      | 4576 ||| DROPPING +3 shortbow.
  4682 | D:6      | Reached skill level 14 in Ranged Weapons
  4700 | D:6      | Reached XP level 9. HP: 25/51 MP: 8/11
  4865 | D:6      | Found an iron altar of Okawaru.
  4866 | D:6      | 4866 ||| PLANNING OKAWARU WORSHIP
  4873 | D:6      | Became a worshipper of Warmaster Okawaru
  4874 | D:6      | 4874 ||| PLANNING D:1-11
  4874 | D:6      | 4874 ||| REMOVING amulet of guardian spirit.
  4910 | D:6      | Noticed Duvessa
  4911 | D:6      | Noticed Blork the orc
  4913 | D:6      | Noticed Dowan
  4914 | D:6      | 4914 ||| Stepping ~*~*~tactically~*~*~ (outnumbered).
  4919 | D:6      | Killed Blork the orc
  4926 | D:6      | Killed Duvessa
  4944 | D:6      | Killed Dowan
  5434 | D:6      | 5434 ||| READING scroll of enchant weapon.
  5434 | D:6      | 5434 ||| ENCHANTING +0 orcbow.
  5483 | D:6      | 5483 ||| FLEEEEING.
  5484 | D:6      | 5484 ||| FLEEEEING.
  5487 | D:6      | 5487 ||| FLEEEEING.
  5488 | D:6      | 5488 ||| FLEEEEING.
  5489 | D:6      | 5489 ||| FLEEEEING.
  5490 | D:6      | 5490 ||| FLEEEEING.
  5491 | D:6      | 5491 ||| FLEEEEING.
  5492 | D:6      | 5492 ||| FLEEEEING.
  5493 | D:6      | 5493 ||| FLEEEEING.
  5495 | D:6      | 5495 ||| FLEEEEING.
  5496 | D:6      | 5496 ||| FLEEEEING.
  5497 | D:6      | 5497 ||| FLEEEEING.
  5498 | D:6      | 5498 ||| FLEEEEING.
  5499 | D:6      | 5499 ||| FLEEEEING.
  5500 | D:6      | 5500 ||| FLEEEEING.
  5501 | D:6      | 5501 ||| FLEEEEING.
  5502 | D:6      | 5502 ||| FLEEEEING.
  5507 | D:6      | 5507 ||| FLEEEEING.
  5508 | D:6      | 5508 ||| FLEEEEING.
  5509 | D:6      | 5509 ||| FLEEEEING.
  6002 | D:6      | 6002 ||| DROPPING amulet of guardian spirit.
  6003 | D:6      | 6003 ||| READING scroll labelled PACWOOK WITU.
  6004 | D:6      | 6004 ||| READING scroll labelled YNAZAH TONONTA.
  6004 | D:6      | Identified a scroll of acquirement
  6004 | D:6      | 6004 ||| ACQUIRING +0 antimagic arbalest
  6004 | D:6      | Acquired a +0 antimagic arbalest
  6152 | D:7      | Reached skill level 15 in Ranged Weapons
  6170 | D:7      | Found a flagged portal.
  6295 | D:7      | Identified the +1 robe of Proximity {Contam Rampage Fly
                  | rN+}
  6407 | D:7      | Reached * piety under Okawaru
  6512 | D:7      | Reached skill level 1 in Invocations
  6642 | D:7      | 6642 ||| FLEEEEING.
  6651 | D:7      | 6651 ||| INVOKING Heroism.
  6655 | D:7      | Noticed a komodo dragon
  6660 | D:7      | Reached skill level 16 in Ranged Weapons
  6660 | D:7      | Reached skill level 3 in Invocations
  6664 | D:7      | Killed a komodo dragon
  6795 | D:7      | 6795 ||| READING 2 scrolls labelled ODOORO VEXKECE.
  6796 | D:7      | 6796 ||| DROPPING scroll of vulnerability.
  6832 | D:8      | Found a stormy altar of Qazlal.
  6887 | D:8      | 6887 ||| READING scroll of enchant armour.
  6887 | D:8      | 6887 ||| ENCHANTING +0 helmet.
  6901 | D:8      | 6901 ||| INVOKING Heroism.
  6911 | D:8      | Reached XP level 10. HP: 33/57 MP: 12/15
  6914 | D:8      | Reached ** piety under Okawaru
  6918 | D:8      | Reached skill level 6 in Dodging
  6922 | D:8      | HP: 13/57 [orc warrior/+0 halberd (7)]
  6923 | D:8      | 6923 ||| READING 4 scrolls of teleportation.
  6925 | D:8      | 6925 ||| INVOKING Heroism.
  6928 | D:8      | Found a staircase to the Lair.
  6953 | D:8      | 6953 ||| INVOKING Heroism.
  7121 | D:8      | 7121 ||| INVOKING Heroism.
  7160 | D:8      | Identified the +5 hand axe of Fimbulwinter {venom, rN+
                  | Int+4 Dex+6}
  7162 | D:8      | 7162 ||| INVOKING Heroism.
  7246 | D:8      | 7246 ||| INVOKING Heroism.
  7472 | D:8      | 7472 ||| PLANNING LAIR
  7472 | D:8      | 7472 ||| DROPPING ring of magical power.
  7503 | Lair:1   | Entered Level 1 of the Lair of Beasts
  7504 | Lair:1   | 7504 ||| INVOKING Heroism.
  7519 | Lair:1   | 7519 ||| STAIRDANCE
  7652 | Lair:1   | Identified the +5 mace of the Shark {heavy, Str+3}
  7697 | Lair:1   | 7697 ||| INVOKING Heroism.
  7729 | Lair:1   | 7729 ||| INVOKING Heroism.
  7820 | Lair:1   | Noticed a cane toad
  7821 | Lair:1   | 7821 ||| INVOKING Heroism.
  7834 | Lair:1   | Killed a cane toad
  7835 | Lair:1   | Reached skill level 6 in Fighting
  7887 | Lair:1   | 7887 ||| INVOKING Heroism.
  8058 | Lair:1   | Reached skill level 3 in Armour
  8068 | Lair:1   | 8068 ||| INVOKING Heroism.
  8207 | Lair:1   | Noticed a cane toad
  8208 | Lair:1   | 8208 ||| INVOKING Heroism.
  8220 | Lair:1   | Killed a cane toad
  8221 | Lair:1   | Reached skill level 9 in Dodging
  8305 | Lair:1   | 8305 ||| INVOKING Heroism.
  8318 | Lair:1   | Reached XP level 11. HP: 23/66 MP: 14/16
  8631 | Lair:1   | 8631 ||| INVOKING Heroism.
  8807 | Lair:1   | 8807 ||| READING 2 scrolls of identify.
  8807 | Lair:1   | 8807 ||| IDENTIFYING red potion
  9035 | Lair:2   | Noticed a skyshark
  9044 | Lair:2   | 9044 ||| INVOKING Heroism.
  9049 | Lair:2   | Killed a skyshark
  9164 | Lair:2   | 9164 ||| INVOKING Heroism.
  9278 | Lair:2   | 9278 ||| INVOKING Heroism.
  9287 | Lair:2   | 9287 ||| Stepping ~*~*~tactically~*~*~ (water).
  9288 | Lair:2   | 9288 ||| Stepping ~*~*~tactically~*~*~ (water).
  9290 | Lair:2   | 9290 ||| Stepping ~*~*~tactically~*~*~ (water).
  9291 | Lair:2   | 9291 ||| Stepping ~*~*~tactically~*~*~ (water).
  9293 | Lair:2   | 9293 ||| Stepping ~*~*~tactically~*~*~ (water).
  9294 | Lair:2   | 9294 ||| Stepping ~*~*~tactically~*~*~ (water).
  9296 | Lair:2   | 9296 ||| Stepping ~*~*~tactically~*~*~ (water).
  9571 | Lair:2   | 9571 ||| INVOKING Heroism.
  9612 | Lair:2   | 9612 ||| INVOKING Heroism.
  9725 | Lair:2   | 9725 ||| INVOKING Heroism.
  9789 | Lair:2   | 9789 ||| INVOKING Heroism.
  9790 | Lair:2   | Noticed a death yak
  9813 | Lair:2   | 9813 ||| INVOKING Heroism.
  9818 | Lair:2   | HP: 9/68 [death yak (21)]
  9819 | Lair:2   | 9819 ||| READING 3 scrolls of teleportation.
  9820 | Lair:2   | Mangled by a death yak

Levels and vault maps discovered:
D:1:      eino_arrival_cavern_d, layout_rooms
D:2:      layout_loops_ring, serial_aquarium, aquarium_bridge_long_joined
          [aquarium_subvault_wall, aquarium_subvault_bridge,
          aquarium_subvault_window, aquarium_subvault_window,
          aquarium_subvault_wall, aquarium_subvault_bridge],
          aquarium_window_fake, aquarium_window_1, aquarium_view_2c,
          aquarium_balcony_double_1, aquarium_pool_side,
          minmay_tree_intersection, uniq_crazy_yiuf_cottage, uniq_jessica
D:3:      layout_basic, nemelex_spade_bored_becter,
          hellmonk_ecumenical_altar_crossroads
D:4:      layout_basic, jmf_multi_god_temple2, ebering_ghost_reflecting_pool,
          portal_sewer_entry_a, serial_shops, shop,
          minmay_misc_feat_more_columns, uniq_pikel
D:5:      layout_cave_pools, temple_hall
D:6:      layout_layer_cave, old_standard_altar, uniq_duvessa,
          uniq_blork_the_orc
D:7:      layout_loops_cross, enter_bailey_2, hangedman_decor_push, st_stairs_12
D:8:      layout_rooms, grunt_qazlal_sundering, erik_lair_orcish_takeover,
          abandoned_shop
Temple:   regret_index_temple_sphere_string
Lair:1:   layout_chaotic_city
Lair:2:   layout_hall_layers, nicolae_shoals_entry_flooding,
          spider_nest_entry_funnel_web, serial_rivers,
          chequers_serial_rivers_small_a, chequers_serial_rivers_micro_c,
          chequers_serial_rivers_small_3, chequers_serial_rivers_room_a,
          chequers_serial_rivers_small_b, chequers_serial_rivers_small_b,
          nzn_random_ring

Skill      XL: |  1  2  3  4  5  6  7  8  9 10 11 |
---------------+----------------------------------+-----
Ranged Weapons | 6 7 8 9 10 12 14 16 | 16.0
Fighting       | 2 3 4 6 8 |  8.0
Armour         | 1 2 3 |  3.0
Dodging        | 3 5 9 10 | 10.6
Invocations    | 4 |  4.0
Stealth        | |  1.2

Action                     |  1- 3 |  4- 6 |  7- 9 | 10-12 || total
---------------------------+-------+-------+-------+-------++-------
   Fire: Shortbow          |    91 |   231 |   215 |       ||   537
         Orcbow            |       |       |   187 |   353 ||   540
 Invoke: Heroism           |       |       |     2 |    22 ||    24
    Use: Scroll            |     4 |     9 |     6 |     3 ||    22
         Potion            |     1 |       |     1 |       ||     2
 Armour: Leather armour    |    14 |       |       |       ||    14
         Ring mail         |       |    29 |    53 |    44 ||   126
  Dodge: Dodged            |    35 |    47 |   137 |   280 ||   499

Table legend:
 A = Non-vault XP
 B = Vault XP
 C = Vault XP percentage of total XP
 D = Non-vault monster count
 E = Vault monster count
 F = Vault count percentage of total count
                 A         B        C        D         E       F
            +---------+---------+-------+---------+---------+-------
      Total |   11257 |    4369 |  28.0 |     182 |      66 |  26.6
            +---------+---------+-------+---------+---------+-------
        D:1 |      31 |       0 |   0.0 |      17 |       0 |   0.0
        D:2 |      51 |      37 |  42.0 |      19 |       1 |   5.0
        D:3 |     104 |       0 |   0.0 |      21 |       0 |   0.0
        D:4 |     328 |     632 |  65.8 |      21 |       3 |  12.5
        D:5 |     554 |       0 |   0.0 |      20 |       0 |   0.0
        D:6 |    1098 |     307 |  21.9 |      28 |       3 |   9.7
        D:7 |    1763 |      86 |   4.7 |      15 |       2 |  11.8
        D:8 |    1314 |     563 |  30.0 |      14 |       7 |  33.3
     Lair:1 |    4648 |       0 |   0.0 |      23 |       0 |   0.0
     Lair:2 |    1366 |    2514 |  64.8 |       4 |       8 |  66.7
      Sewer |       0 |     230 | 100.0 |       0 |      42 | 100.0
            +---------+---------+-------+---------+---------+-------
